 Dungeon Crawl Stone Soup version 0.23-a0-650-ga4d50d4 (webtiles) character file.

261 Lanoc the Skirmisher (level 5, -1/43 HPs)
             Began as a Demonspawn Chaos Knight on Jan 2, 2019.
             Was a Plaything of Xom.
             Slain by an iguana (4 damage)
             ... on level 3 of the Dungeon.
             The game lasted 00:07:10 (2383 turns).

Lanoc the Skirmisher (Demonspawn Chaos Knight)      Turns: 2383, Time: 00:07:11

Health: -1/43      AC:  8    Str: 13    XL:     5   Next: 96%
Magic:  5/5        EV: 13    Int: 15    God:    Xom [..*...]
Gold:   117        SH:  0    Dex: 21    Spells: 4/4 levels left

rFire    + . .     SeeInvis .   h - +0 dagger
rCold    . . .     Gourm    +   (no shield)
rNeg     . . .     Faith    .   a - +2 leather armour
rPois    .         Spirit   .   (helmet restricted)
rElec    .         Reflect  .   (no cloak)
rCorr    .         Harm     .   (no gloves)
MR       .....                  c - +2 pair of boots
Stlth    +++.......             k - amulet of the gourmand
HPRegen  0.00/turn              e - ring of protection from fire
MPRegen  0.09/turn              j - +4 ring of dexterity

@: no status effects
A: antennae 1, thin skeletal structure 2, clever 1, demonic guardian 1,
inhibited regeneration
a: Renounce Religion


You were on level 3 of the Dungeon.
You worshipped Xom.
You were a toy of Xom.
You were completely stuffed.

You visited 1 branch of the dungeon, and saw 3 of its levels.

You collected 117 gold pieces.

Inventory:

Hand Weapons
 h - a +0 dagger (weapon)
Armour
 a - a +2 leather armour (worn)
 c - a +2 pair of boots (worn)
Jewellery
 e - a ring of protection from fire (left hand)
 j - a +4 ring of dexterity (right hand)
 k - an amulet of the gourmand (around neck)
Wands
 i - a wand of random effects (23)
Scrolls
 d - 2 scrolls of blinking {unknown}
 g - 5 scrolls of identify {unknown}
 n - a scroll of teleportation {unknown}
Potions
 f - a potion of brilliance {unknown}
 m - a potion of heal wounds {unknown}
Comestibles
 b - 5 rations
 l - 3 chunks of flesh


   Skills:
 + Level 4.4 Fighting
 * Level 0.7 Short Blades
 + Level 3.4 Armour
 + Level 3.0 Dodging
 * Level 0.7 Stealth
 - Level 2.7 Unarmed Combat


You had 4 spell levels left.
You didn't know any spells.
Your spell library was empty.

Dungeon Overview and Level Annotations

Branches:
Dungeon (3/15)

Altars:
Dithmenos
Fedhas
Gozag
Qazlal
Xom
The Shining One


Innate Abilities, Weirdness & Mutations

You have a pair of small antennae on your head.
You have a moderately thin skeletal structure. (Dex +4, Stealth+)
A weak demonic guardian rushes to your aid.
Your mind is acute. (Int +2)
You do not regenerate when monsters are visible.


Message History

The iguana is heavily wounded.
The iguana closely misses you.
You barely miss the iguana.
The iguana is heavily wounded.
The iguana bites you.
* * * LOW HITPOINT WARNING * * *
You hit the iguana.
The iguana is severely wounded.
The iguana barely misses you.
You barely miss the iguana.
The iguana is severely wounded.
The iguana barely misses you.
You hit the iguana.
The iguana is almost dead.
The iguana bites you.
* * * LOW HITPOINT WARNING * * *
You hit the iguana but do no damage.
The iguana is almost dead.
The iguana bites you.
You die...

#.....>.# #.(...
#.#.....######.....
#.#.....#)...#.....
###.#.........†.(....
####.........#....######
.....##.#...........#
......).#.....#####.#
........##.....# ..#
###.###@######## .# #
#l....... .# .######## #
#. #. #. #. #.


You could see an iguana.

Vanquished Creatures
  The ghost of azzavlup the Bolt Thrower, an amateur DsAK of Lugonu (D:3)
  Robin (D:2)
  5 adders
  14 orcs (D:3)
  3 ball pythons
  2 bats
  2 giant cockroaches
  14 goblins
  3 hobgoblins
  A quokka (D:2)
  2 frilled lizards
  5 kobolds
  6 rats
59 creatures vanquished.

Vanquished Creatures (collateral kills)
  An orc priest (D:3)
  2 adders (D:2)
  5 goblins (D:2)
  A hobgoblin (D:2)
9 creatures vanquished.

Grand Total: 68 creatures vanquished

Notes
Turn   | Place    | Note
-------+----------+-------------------------------------------
     0 | D:1      | Lanoc the Demonspawn Chaos Knight began the quest for the
                  | Orb.
     0 | D:1      | Reached XP level 1. HP: 18/18 MP: 1/1
   125 | D:1      | XOM: divination: detect creatures
   132 | D:1      | Reached skill level 1 in Dodging
   289 | D:1      | You fall through a shaft!
   289 | D:2      | Found a stormy altar of Qazlal.
   290 | D:2      | Noticed an earth elemental
   290 | D:2      | Noticed an air elemental
   290 | D:2      | Noticed a fire elemental
   290 | D:2      | Noticed a water elemental
   316 | D:2      | Gained mutation: A weak demonic guardian rushes to your
                  | aid. [demonic ancestry]
   316 | D:2      | Reached XP level 2. HP: 24/24 MP: 2/2
   361 | D:2      | Found a shimmering altar of Xom.
   434 | D:2      | Gained mutation: You have a somewhat thin skeletal
                  | structure. (Dex +2, Stealth) [demonic ancestry]
   434 | D:2      | Reached XP level 3. HP: 4/29 MP: 3/3
   439 | D:2      | XOM: divination: detect items
   728 | D:2      | XOM: smoke on damage
   737 | D:2      | XOM: harmless Necr miscast
   999 | D:2      | Noticed Robin
  1021 | D:2      | Gained mutation: You have a moderately thin skeletal
                  | structure. (Dex +4, Stealth+) [demonic ancestry]
  1021 | D:2      | Reached XP level 4. HP: 26/37 MP: 4/4
  1040 | D:2      | Killed Robin
  1143 | D:2      | XOM: harmless Tmut miscast
  1202 | D:2      | XOM: mild Tloc miscast
  1240 | D:2      | Found a blossoming altar of Fedhas.
  1588 | D:3      | Found a runed door.
  1596 | D:3      | Noticed azzavlup's ghost (amateur DsAK)
  1619 | D:3      | Gained mutation: You do not regenerate when monsters are
                  | visible. [potion of mutation]
  1619 | D:3      | Gained mutation: Your mind is acute. (Int +2) [potion of
                  | mutation]
  1619 | D:3      | XOM: potion effect (heal wounds)
  1620 | D:3      | XOM: potion effect (invisibility)
  1633 | D:3      | Killed azzavlup's ghost
  1633 | D:3      | Reached skill level 4 in Fighting
  1633 | D:3      | Gained mutation: You have a pair of small antennae on your
                  | head. [demonic ancestry]
  1633 | D:3      | Reached XP level 5. HP: 37/42 MP: 5/5
  1709 | D:3      | XOM: cloud trail
  1728 | D:3      | Found a shadowy altar of Dithmenos.
  1843 | D:3      | Found a glowing golden altar of the Shining One.
  2210 | D:3      | Found an opulent altar of Gozag.
  2383 | D:3      | Slain by an iguana

Vault maps used:
D:1:      minmay_arrival_widening_spiral_wide
D:2:      nicolae_qazlal_style_of_elements, nicolae_overflow_crystal_walls,
          fedhas_altar_4, uniq_robin
D:3:      grunt_gozag_breadcrumbs, lemuel_doored_altar, tso_oasis_becter,
          gammafunk_ghost_grave, first_ration

Skill      XL: |  1  2  3  4  5 |
---------------+----------------+-----
Dodging        | 1 2 3 |  3.0
Armour         | 2 3 |  3.4
Fighting       | 4 |  4.4
Short Blades   | |  0.7
Stealth        | |  0.7
Unarmed Combat | |  2.7

Action                   |  1- 3 |  4- 6 || total
-------------------------+-------+-------++-------
Melee: Unarmed           |   142 |    80 ||   222
       Punch             |     1 |     1 ||     2
       Dagger            |       |   152 ||   152
  Use: Potion            |       |     4 ||     4
 Stab: Distracted        |       |     3 ||     3
       Invisible         |       |     1 ||     1
       Sleeping          |       |     1 ||     1
  Eat: Chunk             |       |    29 ||    29
Armor: Leather armour    |    83 |    67 ||   150
Dodge: Dodged            |   102 |   119 ||   221

Table legend:
 A = Non-vault XP
 B = Vault XP
 C = Vault XP percentage of total XP
 D = Non-vault monster count
 E = Vault monster count
 F = Vault count percentage of total count
                 A         B        C        D         E       F
            +---------+---------+-------+---------+---------+-------
      Total |     200 |     174 |  46.5 |      54 |      14 |  20.6
            +---------+---------+-------+---------+---------+-------
        D:1 |       7 |       0 |   0.0 |       4 |       0 |   0.0
        D:2 |      82 |      36 |  30.5 |      20 |      13 |  39.4
        D:3 |     111 |     138 |  55.4 |      30 |       1 |   3.2
            +---------+---------+-------+---------+---------+-------
